 Dungeon Crawl Stone Soup version 0.26-a0-58-g79b31b8662 (webtiles) character file.

Game seed: 17163117094965963780

78 Ijustatesigmund the Chopper (level 4, -4/41 HPs)
             Began as a Minotaur Fighter on June 8, 2020.
             Splashed by Ijyb's acid (17 damage)
             ... on level 2 of the Dungeon.
             The game lasted 00:04:51 (2413 turns).

Ijustatesigmund the Chopper (Minotaur Fighter)      Turns: 2413, Time: 00:04:51

Health: -4/41      AC:  2    Str: 21    XL:     4   Next: 15%
Magic:  3/3        EV:  7    Int:  5    God:
Gold:   72         SH:  0    Dex: 10    Spells: 3/3 levels left

rFire    + . .     SeeInvis .   a - +0 war axe
rCold    . . .     Gourm    .   c - +0 kite shield
rNeg     . . .     Faith    .   b - +0 scale mail
rPois    .         Spirit   .   (helmet restricted)
rElec    .         Reflect  +   (no cloak)
rCorr    .         Harm     .   (no gloves)
MR       .....                  (no boots)
Stlth    ..........             n - amulet of reflection
HPRegen  0.13/turn              j - ring of protection from fire
MPRegen  0.08/turn              (no ring)

@: confused, mighty, corroded
A: retaliatory headbutt, horns 2
a: no special abilities


You were on level 2 of the Dungeon.
You were not hungry.

You visited 1 branch of the dungeon, and saw 2 of its levels.

You collected 72 gold pieces.

Inventory:

Hand Weapons
 a - a +0 war axe (weapon)
Missiles
 e - 3 javelins (quivered)
Armour
 b - a +0 scale mail (worn)
 c - a +0 kite shield (worn)
Jewellery
 j - a ring of protection from fire (left hand)
 n - an amulet of reflection (around neck)
Scrolls
 h - 2 scrolls of remove curse
Potions
 i - a potion of magic
 m - a potion of haste
 o - a potion of curing {unknown}
 q - a potion of cancellation {unknown}
 r - a potion of flight {unknown}
Comestibles
 f - 4 rations
 k - 3 chunks of flesh


   Skills:
 + Level 4.5 Fighting
 * Level 4.7 Axes
 - Level 3.6 Armour
 - Level 3.6 Shields


You had 3 spell levels left.
You didn't know any spells.
Your spell library was empty.

Dungeon Overview and Level Annotations

Branches:
Dungeon (2/15)

Altars:
Ashenzari

Annotations:
D:2 Ijyb


Innate Abilities, Weirdness & Mutations

You reflexively headbutt those who attack you in melee.
You have a pair of horns on your head.


Message History

Ijyb barely misses you. The goblin hits you.
You slash Ijyb!
Ijyb is heavily wounded.
You barely miss the goblin. You block Ijyb's attack.
The goblin barely misses you. You furiously retaliate!
You headbutt the goblin, but do no damage.
Ijyb zaps a wand.
The bolt of acid hits you!! The acid corrodes you!
You are splashed with acid!
* * * LOW HITPOINT WARNING * * *
You are confused.
You feel invigorated. The goblin hits you but does no damage.
Ijyb barely misses you. The goblin closely misses you. Ijyb hits you.
You see here a +0 club.
You're too confused to move!
The goblin closely misses you. Ijyb barely misses you.
Ijyb hits you but does no damage. The goblin hits you.
Ijyb zaps a wand.
The bolt of acid hits you!
You are splashed with acid!
You die...

........###
#...+......
..........#
###.#......
#########.##
#.".####.
#..# ##..#
#. ##.##
#..####.
#..#
#.......
#..#######
#.#####.
#gg8.8.8.8
#.....#.
#.@)......
#.###.#.
#...†.....
#.# #.#.
#.........
#.# #.#.
#.....)...
#.# #.#.
#.........
#.###...
#..8.8.8(8
#..####.
##########
#.....#.
#####.##.#)
#......#.#.


You could see Ijyb and a goblin.

Vanquished Creatures
  2 adders (D:2)
  4 worms (D:2)
  2 leopard geckos
  A ball python (D:1)
  7 bats
  3 giant cockroaches
  2 hobgoblins
  3 jackals (D:1)
  4 frilled lizards
  9 goblins
  4 kobolds
  6 rats
  A plant (D:1)
48 creatures vanquished.

Vanquished Creatures (others)
  A goblin (D:2)
1 creature vanquished.

Grand Total: 49 creatures vanquished

Notes
Turn   | Place    | Note
-------+----------+-------------------------------------------
     0 | D:1      | Ijustatesigmund the Minotaur Fighter began the quest for
                  | the Orb.
     0 | D:1      | Reached XP level 1. HP: 19/19 MP: 0/0
   637 | D:1      | Reached XP level 2. HP: 27/27 MP: 1/1
  1177 | D:1      | Found a shattered altar of Ashenzari.
  1649 | D:2      | Reached XP level 3. HP: 33/33 MP: 2/2
  2122 | D:2      | Reached XP level 4. HP: 36/41 MP: 3/3
  2398 | D:2      | Noticed Ijyb
  2413 | D:2      | Splashed by Ijyb's acid

Illustrated notes

Levels and vault maps discovered:
D:1:      lightli_arrival_lavapool, layout_basic, serial_forest,
          infiniplex_forest_pool, infiniplex_forest_clump_double,
          infiniplex_forest_clump_double, infiniplex_forest_end_3,
          infiniplex_forest_straight_2, infiniplex_forest_zigzag_1,
          ashenzari_altar_1
D:2:      kennysheep_the_goblin_king, layout_basic, minmay_misc_feat_chi

Skill      XL: |  1  2  3 |
---------------+----------+-----
Axes           | 3 4 |  4.7
Fighting       | 4 |  4.5
Armour         | |  3.6
Shields        | |  3.6

Action                   |  1- 3 |  4- 6 || total
-------------------------+-------+-------++-------
Melee: War axe           |   113 |     7 ||   120
       Headbutt          |    21 |     1 ||    22
Throw: Javelin           |       |     3 ||     3
  Use: Scroll            |     7 |     2 ||     9
       Potion            |       |     4 ||     4
  Eat: Chunk             |     4 |     1 ||     5
Armor: Scale mail        |    42 |     3 ||    45
Dodge: Dodged            |    27 |     8 ||    35
Block: Kite shield       |    60 |     8 ||    68
       Reflection        |       |     1 ||     1

Table legend:
 A = Non-vault XP
 B = Vault XP
 C = Vault XP percentage of total XP
 D = Non-vault monster count
 E = Vault monster count
 F = Vault count percentage of total count
                 A         B        C        D         E       F
            +---------+---------+-------+---------+---------+-------
      Total |     105 |       7 |   6.2 |      43 |       4 |   8.5
            +---------+---------+-------+---------+---------+-------
        D:1 |      33 |       0 |   0.0 |      21 |       0 |   0.0
        D:2 |      72 |       7 |   8.9 |      22 |       4 |  15.4
            +---------+---------+-------+---------+---------+-------
